 Dungeon Crawl Stone Soup version 0.21-a0-270-g8204059 (webtiles) character file.

179 Lavandula the Ruffian (level 5, -6/41 HPs)
             Began as a Ghoul Warper on Sept 14, 2017.
             Killed by divine providence
             ... invoked by an orc priest
              (11 damage)
             ... on level 5 of the Dungeon.
             The game lasted 00:06:10 (858 turns).

Lavandula the Ruffian (Ghoul Warper)                 Turns: 858, Time: 00:06:10

Health: -6/41      AC:  3    Str: 15    XL:     5   Next: 59%
Magic:  4/6        EV: 11    Int:  9    God:
Gold:   82         SH:  0    Dex:  8    Spells: 3/7 levels left

rFire    . . .     SeeInvis .     - Unarmed
rCold    + . .     Gourm    .   (no shield)
rNeg     + + +     Faith    .   a - +0 leather armour
rPois    ∞         Spirit   .   (no helmet)
rElec    .         Reflect  .   (no cloak)
rCorr    .         Harm     .   (no gloves)
MR       .....                  (no boots)
Stlth    +.........             (no amulet)
HPRegen  0.00/turn              (no ring)
MPRegen  0.10/turn              (no ring)

@: rotting
A: rotting body, claws 1, carnivore 3, cold resistance 1, negative energy
resistance 3, inhibited regeneration, torment resistance, unbreathing
a: no special abilities


You were on level 5 of the Dungeon.
You were not hungry.

You visited 1 branch of the dungeon, and saw 5 of its levels.

You collected 82 gold pieces.

Inventory:

Hand Weapons
 o - a +1 hunting sling of freezing
Missiles
 d - 5 tomahawks of dispersal (quivered)
Armour
 a - a +0 leather armour (worn)
Wands
 j - a wand of paralysis (3/24)
 q - a wand of scattershot (6/9)
Scrolls
 c - a scroll of blinking
 e - a scroll of enchant armour {unknown}
 i - a scroll of identify {unknown}
 k - a scroll of teleportation {unknown}
 l - a scroll of magic mapping {unknown}
 n - a scroll of amnesia {unknown}
 p - a scroll of remove curse {unknown}
Potions
 m - a potion of curing {unknown}
Books
 b - a book of Spatial Translocations

   Spells                             Type                      Level
   a - Blink                          Translocation                2
   b - Shroud of Golubria             Charms/Translocation         2
   c - Lesser Beckoning               Translocation                3
   d - Gell's Gravitas                Translocation                3
   e - Teleport Other                 Translocation                3
   f - Passage of Golubria            Translocation                4
Comestibles
 f - a meat ration
 g - 2 royal jellies


   Skills:
 - Level 2.1 Fighting
 - Level 0.8 Throwing
 - Level 0.8 Armour
 - Level 1.7 Dodging
 + Level 6.2 Unarmed Combat
 - Level 1.7 Spellcasting
 - Level 2.6 Translocations


You had 3 spell levels left.
You knew the following spells:

 Your Spells              Type           Power        Failure   Level  Hunger
a - Blink                 Tloc           N/A          22%         2    ###....
b - Shroud of Golubria    Chrm/Tloc      #.........   36%         2    ###....


Dungeon Overview and Level Annotations

Branches:
Dungeon (5/15)
 Temple: D:4-7

Altars:
Ashenzari
Qazlal

Annotations:
D:4 Natasha


Innate Abilities, Weirdness & Mutations

Your body is rotting away.
You thrive on raw meat.
You are immune to poison.
You have sharp fingernails.
You are carnivorous and can eat meat at any time.
Your flesh is cold resistant. (rC+)
You are immune to negative energy. (rN+++)
You do not regenerate when monsters are visible.
You are immune to unholy pain and torment.
You can survive without breathing.


Message History

Space distorts slightly along a thin shroud covering your body.
You claw the orc priest!
The orc priest is severely wounded.
The orc priest hits you with a hand axe.
Your shroud falls apart!
You closely miss the orc priest.
The orc priest is severely wounded.
You scratch the orc priest.
The orc priest is almost dead.
The orc priest invokes the aid of Beogh against you.
Beogh smites you!
You hear a shout!
You barely miss the orc priest.
The orc priest is almost dead.
The orc priest hits you with a hand axe!
* * * LOW HITPOINT WARNING * * *
It was a potion of cancellation.
You feel magically purged.
The orc priest invokes the aid of Beogh against you.
Beogh smites you!
You die...

#.......
#.######
###.#.....
#.....###.
#########.###.#
#. #.........#
#.# #.#######.#
#.# #.# #.....#
#@# ####### #o#
.ol....l# #.
#######.# ##
... ..% ....#
.#.## #.#.#


You could see an iguana and an orc priest.

Vanquished Creatures
  An ice beast (D:5)
  A bullfrog skeleton (D:5)
  3 gnolls
  An adder (D:3)
  A leopard gecko (D:3)
  An orc (D:3)
  2 bats (D:3)
  A giant cockroach (D:5)
  4 goblins (D:3)
  A hobgoblin (D:3)
  2 jackals (D:3)
  2 kobolds (D:3)
  A quokka (D:4)
  2 ball pythons
  A frilled lizard (D:3)
  A rat (D:3)
25 creatures vanquished.

Notes
Turn   | Place    | Note
-------+----------+-------------------------------------------
     0 | D:1      | Lavandula the Ghoul Warper began the quest for the Orb.
     0 | D:1      | Reached XP level 1. HP: 17/17 MP: 2/2
    79 | D:3      | Reached skill level 3 in Unarmed Combat
    79 | D:3      | Reached XP level 2. HP: 19/24 MP: 3/3
   141 | D:3      | Found a stormy altar of Qazlal.
   158 | D:3      | Learned a level 2 spell: Blink
   161 | D:3      | Learned a level 2 spell: Shroud of Golubria
   241 | D:3      | Reached XP level 3. HP: 16/28 MP: 2/4
   265 | D:3      | Reached skill level 4 in Unarmed Combat
   423 | D:4      | Noticed Natasha
   436 | D:4      | HP: 1/29 [Natasha (2)]
   498 | D:3      | Reached XP level 4. HP: 6/36 MP: 5/5
   518 | D:3      | Found a shattered altar of Ashenzari.
   732 | D:5      | Entered Level 5 of the Dungeon
   764 | D:5      | Noticed an ice beast
   777 | D:5      | Killed an ice beast
   777 | D:5      | Reached skill level 5 in Unarmed Combat
   777 | D:5      | Reached XP level 5. HP: 33/41 MP: 3/6
   816 | D:5      | Reached skill level 6 in Unarmed Combat
   858 | D:5      | Killed from afar by an orc priest

Vault maps used:
D:1:      dpeg_arrival_line_fractal, minmay_tetromino_t4
D:2:      nicolae_overflow_hidden_temple, yredelemnul_forgotten_temple_becter
D:3:      lemuel_round_altar, ashenzari_conservatory_becter
D:4:      first_bread, hangedman_abyss_or_decor_lesser_grid, uniq_natasha
D:5:      okawaru_metal_pillars_3, chequers_temple_overflow_statue_of_worship,
          serial_shops, shop

Skill      XL: |  1  2  3  4  5 |
---------------+----------------+-----
Unarmed Combat | 3 4 5 6 |  6.2
Fighting       | |  2.1
Throwing       | |  0.8
Armour         | |  0.8
Dodging        | |  1.7
Spellcasting   | |  1.7
Translocations | |  2.6

Action                   |  1- 3 |  4- 6 || total
-------------------------+-------+-------++-------
Melee: Unarmed           |    90 |    32 ||   122
       Punch             |     1 |       ||     1
 Cast: Shroud of Golubri |     4 |     3 ||     7
  Use: Potion            |     2 |     1 ||     3
       Scroll            |     1 |       ||     1
  Eat: Chunk             |    13 |     3 ||    16
Armor: Leather armour    |    14 |     4 ||    18
Dodge: Dodged            |    57 |    13 ||    70

Table legend:
 A = Spawn XP
 B = Non-spawn XP
 C = Spawn XP percentage of total XP
 D = Spawn monster count
 E = Non-spawn monster count
 F = Spawn count percentage of total count
 G = Total turns spent on level
                    A         B        C        D         E        F      G
               +---------+---------+-------+---------+---------+-------+---------
         Total |       0 |     257 |   0.0 |       0 |      25 |   0.0 |   858
               +---------+---------+-------+---------+---------+-------+---------
           D:3 |       0 |      71 |   0.0 |       0 |      19 |   0.0 |   500
           D:4 |       0 |      18 |   0.0 |       0 |       3 |   0.0 |   197
           D:5 |       0 |     168 |   0.0 |       0 |       3 |   0.0 |   126
               +---------+---------+-------+---------+---------+-------+---------
